 Dungeon Crawl Stone Soup version 0.30-b1-2-g02819fbbbe (webtiles) character file.

Game seed: 13716473597326795524

238 ketsa the Shield-Bearer (level 5, -1/45 HPs)
             Began as a Draconian Fighter on May 22, 2023.
             Slain by an orc
             ... wielding a +0 hand axe of electrocution
              (10 damage)
             ... on level 5 of the Dungeon.
             The game lasted 00:06:37 (2555 turns).

ketsa the Shield-Bearer (Draconian Fighter)         Turns: 2555, Time: 00:06:38

Health: -1/45      AC:  7    Str: 18    XL:     5   Next: 78%
Magic:  5/5        EV: 12    Int:  8    God:
Gold:   220        SH:  5    Dex: 13    Spells: 4/4 levels left

rFire   . . .        a - +1 trident
rCold   . . .        b - +0 buckler
rNeg    . . .        (body armour unavailable)
rPois   .            g - +2 hat {Will+}
rElec   .            (no cloak)
rCorr   .            (no gloves)
SInv    .            (no boots)
Will    +....        (no amulet)
Stlth   +            (no ring)
HPRegen 0.27/turn    (no ring)
MPRegen 0.09/turn

%: no passive effects
@: mighty
A: AC +5, unfitting armour, cold-blooded
a: no special abilities


You were on level 5 of the Dungeon.
You visited 1 branch of the dungeon, and saw 6 of its levels.

You collected 220 gold pieces.

Inventory:

Hand Weapons
 a - a +1 trident (weapon)
 d - a +2 whip of electrocution
Missiles
 o - 3 poisoned darts (quivered)
Armour
 b - a +0 buckler (worn)
 g - a +2 hat of willpower (worn)
Jewellery
 k - an amulet of magic regeneration
Scrolls
 h - 2 scrolls of fear
 i - 2 scrolls of blinking
 j - a scroll of fog
Potions
 e - a potion of cancellation


   Skills:
 - Level 3.2 Fighting
 + Level 4.5 Polearms
 - Level 2.6 Dodging
 + Level 5.1 Shields


You had 4 spell levels left.
You didn't know any spells.
Your spell library contained the following spells:

 Spells                   Type           Power      Damage    Failure   Level
 Freeze                   Ice            0%         1d3       47%         1
 Sandblast                Erth           0%         2d4       47%         1
 Passwall                 Tmut/Erth      0%         N/A       63%         2
 Frozen Ramparts          Ice            0%         1d1       85%         3
 Hailstorm                Conj/Ice       0%         3d3       85%         3
 Stone Arrow              Conj/Erth      0%         3d7       85%         3


Dungeon Overview and Level Annotations

Branches:
Dungeon (6/15) Zot: 26822
 Temple: D:4-7

Altars:
Qazlal
Ru

Annotations:
D:3 Sigmund
D:4 Menkaure
D:5 1 runed translucent door, Crazy Yiuf


Innate Abilities, Weirdness & Mutations

Your plain brown scales are hard. (AC +5)
You cannot fit into any form of body armour.
You are cold-blooded and may be slowed by cold attacks.


Message History

The orc priest hits you with a +1 hand axe of freezing.
The orc priest freezes you.
You puncture the orc priest!
The orc priest is almost dead.
The adder bites you but does no damage. The orc priest closely misses you.
You block the orc's attack. The orc priest closely misses you.
You block the orc's attack. The adder bites you but does no damage.
You barely miss the orc priest.
The orc priest is almost dead.
The orc priest hits you with a +0 flail.
The orc hits you but does no damage.
The orc hits you with a +0 hand axe of electrocution.
You are electrocuted!!
* * * LOW HITPOINT WARNING * * *
The orc priest barely misses you. The adder barely misses you.
You hit the orc priest.
You kill the orc priest!
The adder bites you but does no damage. You block the orc's attack.
The orc priest hits you but does no damage.
You block the orc's attack. The adder closely misses you.
You feel better. The orc misses you. The orc barely misses you.
The orc priest misses you. The adder misses you.
You puncture the orc priest!
The orc priest is severely wounded.
The orc hits you but does no damage. x2
The orc priest casts a cantrip, but nothing happens.
You block the adder's attack.
You puncture the orc priest!
You kill the orc priest!
The adder barely misses you. You block the orc's attack.
The orc hits you but does no damage. The adder bites you.
The orc hits you with a +0 falchion.
* * * LOW HITPOINT WARNING * * *
The orc barely misses you.
Your Shields skill increases to level 5!
You closely miss the orc.
The orc is moderately wounded.
The adder misses you. The orc barely misses you.
The orc hits you but does no damage.
You are electrocuted!
You die...

#..####+##...###+#
####.....###'##
#.....#....#
#.....#....#
#.....#....# .
####.....#'####+####..
##..###...............#
#.....#........o).....#
#.....#........@).....#
#.....'........oS.....'
#.....#...............#
####'###...............#
.##..#.....########.....
.....#.....# .....
####.#..>..# ....
#.#.....# .... #
#.#.....#


You could see an adder and 2 orcs.

Vanquished Creatures
  A hound (D:5)
  A jelly (D:4)
  2 orc priests (D:5)
  A sleepcap (D:6)
  2 adders
  2 dart slugs (D:1)
  3 orcs
  2 ball pythons
  9 endoplasms
  2 giant cockroaches
  2 goblins (D:1)
  4 hobgoblins
  2 jackals
  10 kobolds
  3 quokkas
  A bat (D:1)
  23 rats
70 creatures vanquished.

Notes
Turn   | Place    | Note
-------+----------+-------------------------------------------
     0 | D:1      | ketsa the Draconian Fighter began the quest for the Orb.
     0 | D:1      | Reached XP level 1. HP: 19/19 MP: 1/1
   173 | D:1      | Reached XP level 2. HP: 26/26 MP: 2/2
   423 | D:1      | Found a faded altar of an unknown god.
   614 | D:2      | Reached XP level 3. HP: 31/31 MP: 3/3
  1085 | D:2      | Found a sacrificial altar of Ru.
  1526 | D:3      | Found a stormy altar of Qazlal.
  1543 | D:3      | Reached skill level 4 in Shields
  1638 | D:3      | Reached XP level 4. HP: 38/38 MP: 4/4
  1872 | D:3      | Noticed Sigmund
  2217 | D:4      | Noticed Menkaure
  2315 | D:4      | Noticed an ogre
  2328 | D:5      | Entered Level 5 of the Dungeon
  2342 | D:5      | Reached XP level 5. HP: 36/45 MP: 5/5
  2489 | D:5      | Found a runed translucent door.
  2490 | D:5      | Noticed Crazy Yiuf
  2555 | D:5      | Reached skill level 5 in Shields
  2555 | D:5      | Slain by an orc

Illustrated notes

Levels and vault maps discovered:
D:1:      matt_arrival_spirals, layout_rooms, ebering_ecumenical_altar_hall
D:2:      minmay_wonky_spiral, layout_loops_ring, basic_altar,
          grunt_ministairs_12
D:3:      layout_loops_cross, nicolae_qazlal_general_emergency,
          minmay_statues_item, minmay_rat_hole, uniq_sigmund
D:4:      minmay_recursive_quarters, layout_loops_ring,
          gup_ossuary_entry_pyramid, uniq_menkaure, uniq_edmund
D:5:      layout_gridville, portal_sewer_entry_f, uniq_crazy_yiuf_cottage
D:6:      layout_basic, zin_angel

Skill      XL: |  1  2  3  4  5 |
---------------+----------------+-----
Polearms       | 3 4 |  4.5
Shields        | 4 5 |  5.1
Fighting       | |  3.2
Dodging        | |  2.6

Action                     |  1- 3 |  4- 6 || total
---------------------------+-------+-------++-------
  Melee: Trident           |   142 |    61 ||   203
         Tailslap          |    13 |     9 ||    22
    Use: Scroll            |       |     7 ||     7
         Potion            |       |     3 ||     3
   Stab: Sleeping          |     1 |     1 ||     2
 Armour: Skin              |    40 |    30 ||    70
  Dodge: Dodged            |    68 |    46 ||   114
  Block: Buckler           |    32 |    19 ||    51
